 Dungeon Crawl Stone Soup version 0.27-a0-1147-gb3d8e82157 (webtiles) character file.

Game seed: 12691677373026225349

890 kae the Slasher (level 7, 0/53 (56) HPs)
             Began as a Demonspawn Fighter on May 11, 2021.
             Was a Follower of Okawaru.
             Slain by a wight
             ... wielding a +2 battleaxe of pain
              (1 damage)
             ... on level 5 of the Dungeon.
             The game lasted 00:03:03 (6159 turns).

kae the Slasher (Demonspawn Fighter)                Turns: 6159, Time: 00:03:04

HP:   0/53 (56)     AC: 18    Str: 18    XL:     7   Next: 77%
MP:   9/9           EV:  7    Int: 10    God:    Okawaru [*.....]
Gold: 302           SH:  8    Dex: 12    Spells: 6/6 levels left

rFire    + . .     SeeInvis .   u - +1 falchion (protect)
rCold    . . .     Faith    .   c - +0 kite shield
rNeg     . . .     Spirit   .   b - +1 scale mail
rPois    +         Reflect  .   (helmet restricted)
rElec    .         Harm     .   i - +0 cloak
rCorr    .         Rampage  .   (no gloves)
Will     .....                  (no boots)
Stlth    ..........             (no amulet)
HPRegen  0.17/turn              o - ring of protection from fire
MPRegen  0.22/turn              r - ring of poison resistance

@: under a protective aura, drained
A: horns 1, yellow scales 2, magic regeneration
a: Renounce Religion, Heroism


You were on level 5 of the Dungeon.
You worshipped Okawaru.
Okawaru was aware of your devotion.
You visited 2 branches of the dungeon, and saw 7 of its levels.

You collected 302 gold pieces.

Inventory:

Hand Weapons
 a - a +1 long sword
 u - a +1 falchion of protection (weapon)
Missiles
 m - 2 throwing nets (quivered)
Armour
 b - a +1 scale mail (worn)
 c - a +0 kite shield (worn)
 i - a +0 cloak (worn)
Jewellery
 e - the ring "Uvomobon" {Dex+6 SInv}
   (You found it on level 5 of the Dungeon)

   [ring of dexterity]

   It affects your dexterity (+6).
   It lets you see invisible.
 o - a ring of protection from fire (left hand)
 q - an amulet of reflection
 r - a ring of poison resistance (right hand)
Wands
 g - a wand of paralysis (7)
 p - a wand of iceblast (11)
 s - a wand of digging (6)
Scrolls
 k - 3 scrolls of identify
Potions
 d - 2 potions of might
 f - a potion of resistance
 h - a potion of degeneration
 j - 2 potions of haste
 l - a potion of heal wounds
 t - 2 potions of brilliance


   Skills:
 + Level 5.6 Fighting
 * Level 6.5 Long Blades
 - Level 2.6 Armour
 - Level 2.6 Shields
 + Level 3.4 Invocations


You had 6 spell levels left.
You didn't know any spells.
Your spell library contained the following spells:

 Spells                   Type           Power      Damage    Failure   Level
 Confusing Touch          Hex            0%         N/A       100%        3
 Gell's Gravitas          Tloc           0%         N/A       100%        3
 Petrify                  Tmut/Erth      0%         N/A       100%        4
 Metabolic Englaciation   Hex/Ice        0%         N/A       100%        5
 Yara's Violent Unravell  Hex/Tmut       0%         3d3       100%        5


Dungeon Overview and Level Annotations

Branches:
Dungeon (6/15)             Temple (1/1) D:4

Altars:
Ashenzari
Cheibriados
Dithmenos
Elyvilon
Gozag
Makhleb
Okawaru
Ru
Vehumet
Wu Jian
Xom
Zin
The Shining One

Annotations:
D:3 3 runed translucent doors, Crazy Yiuf; jordank93's ghost, amateur HuBr
D:5 3 runed translucent doors, champignon's ghost, amateur DsGl


Innate Abilities, Weirdness & Mutations

You have a pair of small horns on your head.
You are mostly covered in yellow scales. (AC +3)
You regenerate magic rapidly.


Message History

You feel drained.
You writhe in agony.
You hit the wight but do no damage.
The wight is heavily damaged.
The wight hits you with a +2 battleaxe of pain!
You writhe in agony.
You are too injured to fight recklessly!
You hit the wight but do no damage. Your headbutt misses the wight.
The wight is heavily damaged.
The wight barely misses you.
You hit the wight but do no damage.
The wight is heavily damaged.
You block the wight's attack.
The wight hits you with a +2 battleaxe of pain.
You feel drained.
You are too injured to fight recklessly!
You are too injured to fight recklessly!
You hit the wight.
The wight is severely damaged.
The wight hits you with a +2 battleaxe of pain!
You writhe in agony.
* * * LOW HITPOINT WARNING * * *
You hit the wight but do no damage.
The wight is severely damaged.
The wight hits you but does no damage.
Your shield and scale mail prevent you from hitting the wight.
The wight is severely damaged.
You block the wight's attack.
You closely miss the wight. Your headbutt misses the wight.
The wight is severely damaged.
The wight hits you with a +2 battleaxe of pain.
* * * LOW HITPOINT WARNING * * *
You hit the wight.
The wight is almost destroyed.
You block the wight's attack.
The wight hits you with a +2 battleaxe of pain!
* * * LOW HITPOINT WARNING * * *
You feel drained.
* * * LOW HITPOINT WARNING * * *
You writhe in agony.
You die...

...####.....#..##..#####..###
....###....##..#...#.#.#..##
.....##...........#........#
......#.##..........##....##
..........................##
.<....####.................##
......# ###..#...##........#####
.##...# #...###.##....<##......
.##.#.#####...##@.....#####.#####
.........###.....z.##.# #.....# #
##+++###.#....#.....#.# #.....# #
.......#......##......###.....###
.......#.........................
..#.#..#............#............
.#...#.#..........>.#......_.....
..#.#..#.............#...........
..))...#...........###...........


You could see a wight.

Vanquished Creatures
  Sigmund (D:3)
  Menkaure (D:5)
  Duvessa (D:5)
  A black bear (D:3)
  An ice beast (D:6)
  A centaur (D:5)
  Dowan (D:5)
  A hound (D:4)
  An iguana (D:4)
  Jessica (D:3)
  A mummy (D:5)
  2 ufetubi
  A worm (D:4)
  4 dart slugs
  2 orcs
  9 ball pythons
  10 bats
  9 endoplasms
  2 giant cockroaches
  8 goblins
  6 hobgoblins
  8 jackals
  5 kobolds
  A quokka (D:4)
  2 frilled lizards (D:2)
  7 rats
87 creatures vanquished.

Vanquished Creatures (others)
  A dart slug (D:3)
1 creature vanquished.

Grand Total: 88 creatures vanquished

Notes
Turn   | Place    | Note
-------+----------+-------------------------------------------
     0 | D:1      | kae the Demonspawn Fighter began the quest for the Orb.
     0 | D:1      | Reached XP level 1. HP: 18/18 MP: 1/1
    77 | D:1      | Reached skill level 2 in Long Blades
   112 | D:1      | Found a faded altar of an unknown god.
   173 | D:1      | Gained mutation: You are partially covered in yellow
                  | scales. (AC +2) [demonic ancestry]
   173 | D:1      | Reached XP level 2. HP: 24/24 MP: 2/2
   946 | D:2      | Gained mutation: You have a pair of small horns on your
                  | head. [demonic ancestry]
   946 | D:2      | Reached XP level 3. HP: 29/29 MP: 3/3
  1659 | D:2      | Reached skill level 3 in Long Blades
  2280 | D:3      | Found a burning altar of Makhleb.
  2380 | D:3      | Found a shimmering altar of Xom.
  2380 | D:3      | Noticed a black bear
  2383 | D:3      | Noticed Sigmund
  2712 | D:3      | Reached XP level 4. HP: 36/36 MP: 4/4
  2718 | D:3      | Noticed Jessica
  2730 | D:3      | Killed Jessica
  2871 | D:3      | Killed a black bear
  2872 | D:3      | Reached skill level 4 in Long Blades
  2872 | D:3      | Reached XP level 5. HP: 36/42 MP: 5/5
  3040 | D:3      | Killed Sigmund
  3041 | D:3      | Reached skill level 5 in Long Blades
  3041 | D:3      | Gained mutation: You are mostly covered in yellow scales.
                  | (AC +3) [demonic ancestry]
  3041 | D:3      | Reached XP level 6. HP: 36/49 MP: 6/6
  3326 | D:3      | Found a runed translucent door.
  3327 | D:3      | Noticed Crazy Yiuf
  3399 | D:3      | Found a large runed translucent door.
  3399 | D:3      | Found a large runed translucent door.
  3401 | D:3      | Noticed jordank93's ghost (amateur HuBr)
  4016 | D:4      | Found a staircase to the Ecumenical Temple.
  4022 | Temple   | Entered the Ecumenical Temple
  4148 | Temple   | Became a worshipper of Warmaster Okawaru
  4224 | D:4      | Found a broken altar of Ashenzari.
  4339 | D:4      | Found an ornate altar of the Wu Jian Council.
  4923 | D:5      | Entered Level 5 of the Dungeon
  4951 | D:5      | Reached skill level 5 in Fighting
  4951 | D:5      | Reached skill level 1 in Invocations
  4997 | D:5      | Found a runed translucent gate.
  5013 | D:5      | Noticed Duvessa
  5014 | D:5      | Noticed Dowan
  5061 | D:5      | Killed Duvessa
  5062 | D:5      | Gained mutation: You regenerate magic rapidly. [demonic
                  | ancestry]
  5062 | D:5      | Reached XP level 7. HP: 20/56 MP: 8/8
  5062 | D:5      | Killed Dowan
  5063 | D:5      | Reached skill level 6 in Long Blades
  5079 | D:5      | Found a runed translucent gate.
  5080 | D:5      | Found a runed translucent gate.
  5085 | D:5      | Noticed champignon's ghost (amateur DsGl)
  5444 | D:5      | Found a snail-covered altar of Cheibriados.
  5507 | D:5      | Noticed Menkaure
  5515 | D:5      | Killed Menkaure
  5726 | D:5      | Identified the ring "Uvomobon" {Dex+6 SInv}
  6110 | D:6      | Reached * piety under Okawaru
  6159 | D:5      | HP: 1/53 [wight/+2 battleaxe of pain (3)]
  6159 | D:5      | Slain by a wight

Illustrated notes

Levels and vault maps discovered:
D:1:      co_arrival_random_square_maze, layout_basic, basic_ecumenical_altar,
          serial_corexii_hall, chequers_hall_statues_wall_a,
          corexii_hall_statues_l, hangedman_decor_growths
D:2:      layout_basic, amethyst_killhole, minmay_small_reverse_x
D:3:      layout_basic, xom_confusion_cloud, grunt_temple_overflow_open,
          ebering_ghost_disaster_area, kennysheep_small_spiral,
          uniq_crazy_yiuf_cottage, uniq_sigmund, uniq_jessica
D:4:      layout_cave_pods, kennysheep_mini, amcnicky_altar_gilded,
          minmay_temple_entry_hall, nicolae_ossuary_entry_monument
D:5:      layout_cave_pools, slow_altar_1, gammafunk_ghost_split, minivault_23,
          hangedman_decor_diamond_cutter, nicolae_underground_beach,
          uniq_menkaure, uniq_duvessa
D:6:      layout_cave_pools, marbit_many_paths
Temple:   nicolae_temple_figure_eight

Skill      XL: |  1  2  3  4  5  6  7 |
---------------+----------------------+-----
Long Blades    | 2 3 4 5 6 |  6.5
Fighting       | 4 5 |  5.6
Invocations    | 2 3 |  3.4
Armour         | |  2.6
Shields        | |  2.6

Action                   |  1- 3 |  4- 6 |  7- 9 || total
-------------------------+-------+-------+-------++-------
Melee: Long sword        |   123 |    68 |       ||   191
       Headbutt          |    16 |    20 |     9 ||    45
       Falchion          |       |    59 |    49 ||   108
  Use: Scroll            |     7 |     2 |     1 ||    10
       Potion            |     1 |     6 |       ||     7
Armor: Scale mail        |    72 |    66 |    29 ||   167
       Skin              |       |    43 |       ||    43
Dodge: Dodged            |    43 |    38 |    14 ||    95
Block: Kite shield       |    73 |    80 |    21 ||   174
       Rpst.: Long sword |    18 |     8 |       ||    26
       Falchion          |       |     1 |     2 ||     3

Table legend: (Time is in decaauts)
 A = Elapsed time spent in this place.
 B = Non-inter-level travel time spent in this place.
 C = Inter-level travel time spent in this place.
 D = Time resting spent in this place.
 E = Time spent auto-exploring this place.
 F = Levels seen in this place.
 G = Mean time per level.
                   A        B        C        D        E       F      G
               +--------+--------+--------+--------+--------+-----+--------+
         Total |   6271 |   5976 |    295 |    481 |   4640 |   7 |  895.9 |
       Dungeon |   6116 |   5849 |    267 |    481 |   4518 |   6 | 1019.3 |
        Temple |    154 |    127 |     27 |      0 |    122 |   1 |  154.0 |
               +--------+--------+--------+--------+--------+-----+--------+

Top non-repeatable levels by time:
     D:2: 1553 daAuts
     D:4: 1315 daAuts
     D:3: 1242 daAuts
     D:5: 976 daAuts
     D:1: 975 daAuts
  Temple: 154 daAuts
     D:6: 53 daAuts
